 Dungeon Crawl Stone Soup version 0.30-a0-830-gfe289a77b0 (webtiles) character file.

Game seed: 10548170120329658154

4335 omnomnOMINOUS the Digger (level 10, -1/68 HPs)
             Began as an Octopode Wanderer on Feb 28, 2023.
             Was a Priest of Vehumet.
             Slain by a yak (15 damage)
             ... on level 8 of the Dungeon.
             The game lasted 00:31:59 (8586 turns).

omnomnOMINOUS the Digger (Octopode Wanderer)        Turns: 8586, Time: 00:32:00

Health: -1/68      AC:  1    Str: 10    XL:     10   Next: 33%
Magic:  0/16       EV: 15    Int: 18    God:    Vehumet [***...]
Gold:   281        SH:  7    Dex: 14    Spells: 8/17 levels left

rFire   . . .      SeeInvis +    a - +2 dagger (venom)
rCold   . . .      Faith    .    G - +2 buckler
rNeg    . . .      Spirit   +    n - +0 hat
rPois   .          Reflect  .    w - amulet of guardian spirit
rElec   .          Harm     .    l - ring of see invisible
rCorr   .          Rampage  .    (no ring)
Will    .....                    (no ring)
Stlth   ++                       (no ring)
HPRegen 0.31/turn                (no ring)
MPRegen 0.15/turn                (no ring)
                                 (no ring)
                                 (no ring)

@: about to teleport
A: almost no armour, amphibious, 8 rings, camouflage 1, gelatinous body 1,
(nimble swimmer 1), tentacles
a: Renounce Religion


You were on level 8 of the Dungeon.
You worshipped Vehumet.
Vehumet was most pleased with you.
You visited 1 branch of the dungeon, and saw 8 of its levels.
You also visited: Sewer.

You collected 397 gold pieces.
You spent 116 gold pieces at shops.

Inventory:

Hand Weapons
 a - a +2 dagger of venom (weapon)
 b - a +5 long sword
 c - a +3 trident
 d - a +1 whip of venom
Missiles
 q - 30 poisoned darts
Armour
 n - a +0 hat (worn)
 G - a +2 buckler (worn)
Jewellery
 l - a ring of see invisible (left tentacle)
 w - an amulet of guardian spirit (around mantle)
 y - an amulet of magic regeneration
Wands
 u - a wand of polymorph (3)
 A - a wand of mindburst (4)
Scrolls
 e - 2 scrolls of vulnerability
 j - a scroll of fog
 o - a scroll of blinking
 p - a scroll of magic mapping
 s - 2 scrolls of brand weapon
 D - a scroll of acquirement {unknown}
Potions
 f - a potion of invisibility
 g - a potion of haste
 h - a potion of mutation
 i - 2 potions of might
 r - a potion of resistance
 v - a potion of magic {unknown}
 x - a potion of attraction {unknown}
 z - a potion of heal wounds {unknown}
 B - a potion of flight
 E - a potion of brilliance {unknown}
 F - 3 potions of lignification


   Skills:
 + Level 5.9 Fighting
 + Level 6.4 Dodging
 - Level 6.0 Shields
 - Level 4.0 Spellcasting
 + Level 5.7 Conjurations
 + Level 4.9 Air Magic
 + Level 6.5 Earth Magic
 - Level 1.0 Invocations


You had 8 spell levels left.
You knew the following spells:

 Your Spells              Type           Power      Damage    Failure   Level
a - Sandblast             Erth           54%        2d13      1%          1
b - Stone Arrow           Conj/Erth      50%        3d10      1%          3
c - Freezing Cloud        Conj/Ice/Air   8%         6-21      30%         5

Your spell library contained the following spells:

 Spells                   Type           Power      Damage    Failure   Level
 Sticky Flame             Conj/Fire      13%        2d4       16%         4
 Static Discharge         Conj/Air       44%        2-4/arc   1%          2
 Hailstorm                Conj/Ice       13%        3d5       4%          3
 Freeze                   Ice            12%        1d3       5%          1
 Frozen Ramparts          Ice            6%         1d1       16%         3
 Arcjolt                  Conj/Air       11%        1d21      16%         5
 Lightning Bolt           Conj/Air       11%        1d24      16%         5
 Slow                     Hex            12%        N/A       19%         1
 Vhi's Electric Charge    Tloc/Air       24%        N/A       21%         3
 Ensorcelled Hibernation  Hex/Ice        6%         N/A       28%         2
 Leda's Liquefaction      Hex/Erth       7%         N/A       43%         4
 Call Canine Familiar     Summ           3%         N/A       50%         3
 Portal Projectile        Hex/Tloc       6%         N/A       50%         3
 Summon Lightning Spire   Summ/Air       12%        N/A       56%         4
 Borgnjor's Vile Clutch   Necr/Erth      7%         N/A       80%         5
 Anguish                  Hex/Necr       1%         N/A       88%         4
 Summon Mana Viper        Hex/Summ       3%         N/A       99%         5
 Simulacrum               Ice/Necr       1%         N/A       100%        6
 Storm Form               Tmut/Air       6%         N/A       100%        7
 Maxwell's Capacitive Co  Air            10%        ∞         100%        8
 Polar Vortex             Ice            1%         N/A       100%        9


Dungeon Overview and Level Annotations

Branches:
Dungeon (8/15)             Temple (0/1) D:5           Sewer (visited)
   Lair: D:8-11

Altars:
Ashenzari
Makhleb
Trog
Vehumet

Shops:
D:3 *

Annotations:
D:5 1 runed translucent door, Esekla's ghost, weakling OpDe


Innate Abilities, Weirdness & Mutations

You cannot wear most types of armour.
You are amphibious.
You can wear up to eight rings at the same time.
Your skin changes colour to match your surroundings (Stealth+).
Your rubbery body absorbs attacks. (AC +1, EV +1)
((You are camouflaged when in or above water. (Stealth+)))
You have tentacles for arms and can constrict up to eight enemies at once.


Message History

You barely miss the orc. You grab the orc. You constrict the orc.
You kill the orc!
Vehumet accepts your kill.
You constrict the orc. You block the orc's attack.
You hit the orc.
The orc is poisoned.
You squeeze the orc.
The orc is almost dead.
You constrict the orc.
You kill the orc!
Vehumet accepts your kill.
You see here a +0 club.
Things that are here:
a +0 flail; a +0 short sword
There is a stone staircase leading up here.
You hit the yak.
The yak is poisoned.
The yak is lightly wounded.
The yak gores you.
You hit the yak but do no damage.
The yak looks as sick as possible!
The yak is moderately wounded.
You block the yak's attack.
You barely miss the yak.
The yak is moderately wounded.
The yak gores you! x2
Okay, then.
Unknown command.
Okay, then.
Unknown command.
Okay, then.
Unknown command.
Okay, then.
Unknown command.
Unknown command.
As you read the scroll of teleportation, it crumbles to dust.
You feel strangely unstable. The yak gores you! x2
* * * LOW HITPOINT WARNING * * *
Okay, then.
Unknown command.
You feel better. The yak completely misses you. The yak gores you!
* * * LOW HITPOINT WARNING * * *
You feel better. The yak gores you!
You die...

. #.##.#.# #.# ##.#
#.##.#.###.#
.._..####.##.#.#...# ##
.#.#.c....##.#.#.###....
...........)............ >..
....########.###.##########..
YY...............<.......##..
# #.........##########.#.##.#
#..###.###.Y@.........#.##.#
#..#).##Y...###..###.##.#
#..#.#..##...............#
#..#####..##..###.###..#..#
#..# ##)[#.##.....##..#.##
#.# ##(###..#.#[.##..... ..#
#)#)#..##.#...##..## (#
##.)÷..#..#....#..#.
#..).#....#....#....


You could see 2 yaks.

Vanquished Creatures
  Pikel (D:8)
  Prince Ribbit (D:5)
  A wyvern (D:8)
  A wraith (D:5)
  Eustachio (D:5)
  A steam dragon (D:8)
  Menkaure (D:4)
  A water moccasin (D:6)
  2 black bears (D:4)
  2 sky beasts (D:7)
  3 ogres
  A centaur (D:8)
  A phantom (D:4)
  Blork the orc (D:6)
  2 kobold brigands
  3 bullfrogs
  3 scorpions
  A necrophage (D:5)
  6 wights
  A vampire bat (D:5)
  2 howler monkeys
  A crimson imp (D:4)
  4 hounds
  6 jellies
  A gnoll bouda (D:6)
  5 orc priests
  4 iguanas
  6 orc wizards
  8 gnolls
  10 adders
  4 river rats (Sewer)
  6 worms
  A dart slug (D:1)
  32 orcs
  15 bats
  14 endoplasms
  8 giant cockroaches
  6 goblins
  4 hobgoblins
  2 jackals (D:5)
  18 kobolds
  6 quokkas
  9 ball pythons
  5 frilled lizards
  4 rats
215 creatures vanquished.

Vanquished Creatures (collateral kills)
  An iguana (D:4)
  An orc wizard (D:4)
  3 orcs (D:4)
5 creatures vanquished.

Vanquished Creatures (others)
  An orc priest (D:8)
  An orc (D:8)
2 creatures vanquished.

Grand Total: 222 creatures vanquished

Notes
Turn   | Place    | Note
-------+----------+-------------------------------------------
     0 | D:1      | omnomnOMINOUS the Octopode Wanderer began the quest for the
                  | Orb.
     0 | D:1      | omnomnOMINOUS set off with the following items: a +0
                  | dagger, a +0 hat, a scroll of vulnerability, a +2 buckler;
                  | and the following spell memorised: Sandblast; and the
                  | following spells available to memorise: Stone Arrow.
     0 | D:1      | Reached XP level 1. HP: 11/11 MP: 3/3
   180 | D:1      | Reached XP level 2. HP: 18/18 MP: 5/5
   431 | D:1      | You fall into a shaft and drop 1 floor!
   714 | D:1      | Reached skill level 1 in Fighting
   714 | D:1      | Reached XP level 3. HP: 22/23 MP: 6/6
   726 | D:1      | Learned a level 3 spell: Stone Arrow
  1205 | D:2      | Reached XP level 4. HP: 22/28 MP: 7/7
  1586 | D:3      | Noticed an ogre
  1587 | D:3      | Noticed a scorpion
  1740 | D:3      | Reached skill level 1 in Conjurations
  2109 | D:3      | Found Huab's Assorted Antiques.
  2163 | D:3      | Killed a scorpion
  2164 | D:3      | Reached XP level 5. HP: 34/34 MP: 3/9
  2427 | D:3      | Bought a short wooden wand for 116 gold pieces
  2612 | D:4      | Noticed Menkaure
  2629 | D:4      | Killed Menkaure
  2630 | D:4      | Reached XP level 6. HP: 8/41 MP: 7/10
  2832 | D:4      | Reached XP level 7. HP: 20/45 MP: 11/11
  2844 | D:4      | Found a radiant altar of Vehumet.
  2844 | D:4      | Found a burning altar of Makhleb.
  2859 | D:4      | Became a worshipper of Vehumet
  2956 | D:4      | Found a glowing drain.
  2970 | Sewer    | Entered a sewer
  3395 | Sewer    | Reached * piety under Vehumet
  3395 | Sewer    | Offered knowledge of Shock by Vehumet.
  3406 | Sewer    | Learned a level 5 spell: Freezing Cloud
  3419 | Sewer    | Found a viscous altar of Jiyva.
  3928 | D:4      | Reached skill level 1 in Air Magic
  3928 | D:4      | Reached XP level 8. HP: 52/52 MP: 6/13
  4521 | D:5      | Entered Level 5 of the Dungeon
  4567 | D:5      | Noticed a wraith
  4581 | D:5      | Killed a wraith
  4875 | D:5      | Noticed Eustachio
  4877 | D:5      | Reached skill level 5 in Shields
  4894 | D:5      | Killed Eustachio
  5175 | D:5      | Found a runed translucent door.
  5176 | D:5      | Noticed Esekla's ghost (weakling OpDe)
  5177 | D:5      | Noticed a two-headed ogre
  5196 | D:5      | Found a staircase to the Ecumenical Temple.
  5212 | D:5      | Got Sif Muna's Parchment of the Mantle and Charms
  5366 | D:5      | Reached ** piety under Vehumet
  5366 | D:5      | Offered knowledge of Foxfire by Vehumet.
  5523 | D:5      | Noticed Prince Ribbit
  5531 | D:5      | Killed Prince Ribbit
  5532 | D:5      | Reached skill level 5 in Earth Magic
  5532 | D:5      | Reached XP level 9. HP: 33/58 MP: 8/15
  6117 | D:6      | Reached skill level 5 in Dodging
  6338 | D:6      | Noticed Blork the orc
  6343 | D:6      | Killed Blork the orc
  6540 | D:6      | Offered knowledge of Inner Flame by Vehumet.
  7023 | D:6      | Found a bloodstained altar of Trog.
  7076 | D:7      | Reached *** piety under Vehumet
  7148 | D:6      | Reached skill level 5 in Fighting
  7382 | D:7      | Reached skill level 5 in Conjurations
  7784 | D:7      | Identified the +2 robe of the Stag {*Slow Dex+4 Stlth+}
  7846 | D:7      | Offered knowledge of Sticky Flame by Vehumet.
  7854 | D:7      | Reached XP level 10. HP: 43/66 MP: 11/16
  8177 | D:8      | Noticed Pikel
  8193 | D:8      | Killed Pikel
  8556 | D:8      | Found a broken altar of Ashenzari.
  8586 | D:8      | Slain by a yak

Illustrated notes

Levels and vault maps discovered:
D:1:      ebering_hopf_link, layout_basic
D:2:      layout_rooms, st_stairs_8, minmay_pentomino_pile
D:3:      layout_basic, serial_shops, shop
D:4:      layout_cave_pools, grunt_temple_overflow_lords_of_destruction,
          cheibrodos_sewer_entry_bend, uniq_menkaure
D:5:      layout_loops_cross, minmay_temple_entry_offerings,
          ebering_ghost_inner_flame, minivault_27, uniq_eustachio,
          uniq_prince_ribbit1
D:6:      layout_rooms, general_overflow_altar, roderic_batcave,
          minmay_statues_item, uniq_blork_the_orc
D:7:      layout_basic
D:8:      minmay_the_grid_octo_triangle [minmay_the_grid_octo_fat_diamond,
          minmay_the_grid_octo_prize_big_c,
          minmay_the_grid_octo_tetromino_candy], layout_basic,
          lemuel_crystal_altar, mainiacjoe_overflow_brackets,
          amcnicky_altar_gilded, lair_entry_dummy, uniq_pikel

Skill      XL: |  1  2  3  4  5  6  7  8  9 10 |
---------------+-------------------------------+-----
Fighting       | 1 2 3 4 5 |  5.9
Dodging        | 2 3 4 5 6 |  6.4
Conjurations   | 1 2 3 4 5 |  5.7
Earth Magic    | 3 4 5 6 |  6.5
Spellcasting   | 3 4 |  4.0
Shields        | 4 5 6 |  6.0
Air Magic      | 1 2 4 |  4.9
Invocations    | |  1.0

Action                     |  1- 3 |  4- 6 |  7- 9 | 10-12 || total
---------------------------+-------+-------+-------+-------++-------
  Melee: Dagger            |   100 |    53 |   241 |    10 ||   404
         Constrict         |    26 |    17 |    69 |    11 ||   123
         Tentacles         |    27 |    12 |    81 |    17 ||   137
         Unarmed           |       |     9 |       |       ||     9
         Punch             |       |     1 |     8 |     2 ||    11
         Trident           |       |       |    47 |       ||    47
         Whip              |       |       |    12 |    37 ||    49
   Cast: Sandblast         |    12 |    14 |    34 |       ||    60
         Stone Arrow       |       |       |    63 |     9 ||    72
  Evoke: Wand              |       |       |     1 |       ||     1
    Use: Scroll            |       |     6 |     3 |     6 ||    15
         Potion            |       |     4 |     2 |     3 ||     9
   Stab: Sleeping          |     4 |     2 |     9 |     1 ||    16
         Distracted        |       |       |     2 |       ||     2
         Invisible         |       |       |       |     7 ||     7
 Armour: Skin              |    12 |     6 |    17 |     1 ||    36
  Dodge: Dodged            |    59 |    33 |   181 |    31 ||   304
  Block: Buckler           |    32 |    19 |    96 |    25 ||   172

Table legend: (Time is in decaauts)
 A = Elapsed time spent in this place.
 B = Non-inter-level travel time spent in this place.
 C = Inter-level travel time spent in this place.
 D = Time resting spent in this place.
 E = Time spent auto-exploring this place.
 F = Levels seen in this place.
 G = Mean time per level.
                   A        B        C        D        E       F      G
               +--------+--------+--------+--------+--------+-----+--------+
         Total |   8626 |   8258 |    368 |   1810 |   4128 |   9 |  958.4 |
       Dungeon |   8010 |   7642 |    368 |   1629 |   3954 |   8 | 1001.2 |
         Sewer |    615 |    615 |      0 |    181 |    174 |   1 |  615.0 |
               +--------+--------+--------+--------+--------+-----+--------+

Top non-repeatable levels by time:
     D:5: 1734 daAuts
     D:4: 1278 daAuts
     D:7: 1122 daAuts
     D:3: 1115 daAuts
     D:6: 988 daAuts
     D:1: 976 daAuts
   Sewer: 615 daAuts
     D:2: 537 daAuts
     D:8: 258 daAuts
